 Dungeon Crawl Stone Soup version 0.20.1-1-g8b1a95d (webtiles) character file.

616394 theanonym the Conqueror (level 26, -2/266 HPs)
             Began as a Minotaur Berserker on Oct 6, 2017.
             Was the Champion of Trog.
             Slain by a storm dragon (9 damage)
             ... on level 5 of the Vaults on Oct 8, 2017.
             The game lasted 06:42:26 (59818 turns).

theanonym the Conqueror (Minotaur Berserker)       Turns: 59818, Time: 06:42:27

Health: -2/266     AC: 34    Str: 40    XL:     26   Next: 91%
Magic:  31/31      EV: 14    Int:  6    God:    Trog [******]
Gold:   4603       SH: 30    Dex: 12    Spells: 25/25 levels left

rFire    . . .     SeeInvis +   b - +9 broad axe of Power {elec, rElec}
rCold    + . .     Gourm    .   d - +0 large shield
rNeg     + + .     Faith    .   p - +2 plate armour {rN+}
rPois    +         Spirit   .   M - +3 crown of Dyrovepreva {rElec Int+2 SInv}
rElec    +         Reflect  .   y - +2 cloak of Kizonnin {MP+9 Slay+2}
rCorr    .         Harm     .   g - +2 pair of gloves {Str+3}
MR       +++++                  K - +1 pair of boots
Stlth    ..........             v - amulet of Doubts {+Rage rPois MR++}
Regen    1.6/turn               z - ring of Nalih {rC+ Str+2}
MPRegen  0.3/turn               i - ring "Fanagh" {rN+ Str+3}

@: corroded, berserk cooldown, regenerating, slowed, very slow
A: retaliatory headbutt, horns 2, poison resistance, wild magic 1
}: 3/15 runes: decaying, serpentine, slimy
a: Berserk, Trog's Hand, Brothers in Arms, Burn Spellbooks, Renounce Religion,
Evoke Berserk Rage


You were on level 5 of the Vaults.
You worshipped Trog.
Trog was exalted by your worship.
You were very hungry.

You visited 11 branches of the dungeon, and saw 53 of its levels.
You visited 1 bazaar.
You also visited: Trove and Ice Cave.

You collected 9070 gold pieces.
You spent 4467 gold pieces at shops.

Inventory:

Hand Weapons
 a - a +9 antimagic broad axe
   (Trog gifted it to you on level 1 of the Orcish Mines)
 b - the +9 broad axe of Power (weapon) {elec, rElec}
   (Trog gifted it to you on level 3 of the Crypt)

   Occasionally, upon striking a foe, it will discharge some electrical energy
   and cause terrible harm.
   It insulates you from electricity.
Missiles
 n - 8 silver tomahawks (quivered)
Armour
 d - a +0 large shield (worn)
   (You took it off a naga warrior on level 4 of the Snake Pit)
 g - a +2 pair of gloves of strength (worn)
   (You found it on level 4 of the Snake Pit)
 m - a +4 plate armour of fire resistance
   (You took it off an orc warlord on level 1 of the Elven Halls)
 p - a +2 plate armour of positive energy (worn)
   (You took it off an orc warrior on level 2 of the Orcish Mines)
 s - the +4 plate armour "Kotoa" {+Fly rPois rC+}
   (You took it off a deep elf blademaster on level 3 of the Elven Halls)

   It protects you from cold.
   It protects you from poison.
   It lets you fly.
 y - the +2 cloak of Kizonnin (worn) {MP+9 Slay+2}
   (You found it on level 4 of the Dungeon)

   It affects your accuracy and damage with ranged weapons and melee attacks
   (+2).
   It affects your magic capacity (+9).
 K - a +1 pair of boots (worn)
   (You found it on level 2 of the Elven Halls)
 M - the +3 crown of Dyrovepreva (worn) {rElec Int+2 SInv}
   (You bought it in a shop in a bazaar)

   It affects your intelligence (+2).
   It insulates you from electricity.
   It lets you see invisible.
Jewellery
 i - the ring "Fanagh" (right hand) {rN+ Str+3}
   (You bought it in a shop on level 3 of the Depths)

   [ring of strength]

   It affects your strength (+3).
   It protects you from negative energy.
 l - an uncursed ring of protection from fire {rF+, !d}
   (You found it on level 4 of the Swamp)
 v - the amulet of Doubts (around neck) {+Rage rPois MR++}
   (You acquired it on level 2 of the Depths)

   [amulet of rage]

   It protects you from poison.
   It affects your resistance to hostile enchantments.
   It lets you go berserk.
 w - an uncursed ring of protection from magic {MR+, !d}
   (You found it on level 6 of the Lair of Beasts)
 z - the ring of Nalih (left hand) {rC+ Str+2}
   (You found it on level 5 of the Pits of Slime)

   [ring of protection from cold]

   It affects your strength (+2).
   It protects you from cold.
 B - an uncursed ring of resist corrosion
   (You found it on level 5 of the Dungeon)
 C - an uncursed ring of positive energy {rN+}
   (You acquired it on level 1 of the Vaults)
 N - an uncursed ring of protection from cold {rC+, !d}
   (You found it on level 3 of the Depths)
Wands
 q - a wand of disintegration (17/24)
   (You took it off a naga mage on level 4 of the Snake Pit)
 F - a wand of digging (18/24)
   (You found it on level 1 of the Lair of Beasts)
 O - a wand of enslavement (5/24)
   (You found it on level 8 of the Dungeon)
 X - a wand of paralysis (14/24)
   (You found it on level 5 of the Pits of Slime)
Scrolls
 f - 22 scrolls of teleportation
 h - 28 scrolls of remove curse
 t - 6 scrolls of magic mapping {!r}
 u - 6 scrolls of fear
 I - 2 scrolls of enchant armour
 R - a scroll of silence
 S - 4 scrolls of blinking {!r}
 U - 4 scrolls of identify
Potions
 e - 4 potions of resistance
 k - 4 potions of haste
 o - 4 potions of cancellation
 x - 12 potions of curing
 D - 3 potions of agility
 E - 2 potions of heal wounds
 Q - 2 potions of might
 W - a potion of flight
Miscellaneous
 r - a lightning rod (4/4)
   (You found it on level 1 of the Snake Pit)
 A - a phial of floods
   (You found it on level 14 of the Dungeon)
 P - a fan of gales
   (You found it on level 3 of the Vaults)
 T - a lamp of fire
   (You found it on level 9 of the Dungeon)
 Z - 2 phantom mirrors
Comestibles
 c - a bread ration {@e1}
 j - 19 fruits
 Y - 28 meat rations {@e2}


   Skills:
 O Level 27 Fighting
 O Level 27 Axes
   Level 0.2(18.7) Maces & Flails
   Level 0.5(0.6) Staves
 + Level 26.6 Armour
 + Level 7.9 Dodging
 O Level 27 Shields


You had 25 spell levels left.
You didn't know any spells.

Dungeon Overview and Level Annotations

Branches:
Dungeon (15/15)            Temple (1/1) D:5            Lair (6/6) D:9
  Swamp (4/4) Lair:4        Snake (4/4) Lair:3        Slime (5/5) Lair:5
    Orc (2/2) D:10            Elf (3/3) Orc:2        Vaults (5/5) D:14
  Crypt (3/3) Vaults:3       Tomb (0/3) Crypt:3      Depths (5/5) D:15
    Zot (0/5) Depths:5

Altars:
Ashenzari
Dithmenos
Elyvilon
Fedhas
Gozag
Kikubaaqudgha
Makhleb
Okawaru
Qazlal
Ru
Sif Muna
Trog
Uskayaw
Vehumet
Xom
Yredelemnul
Zin
Beogh
Jiyva

Shops:
D:8 %   D:10 *   D:15 (   Orc:2 ([*=   Elf:3 ?*(   Snake:2 ::   Vaults:1 (
Vaults:4 :   Depths:3 ==

Portals:
Hell: Depths:1 Depths:2 Depths:3 Depths:4 Depths:5
Abyss: Depths:4
Pandemonium: Depths:3 Depths:4
Ziggurat: Depths:5

Annotations:
D:6 exclusion: downstairs, Blork the orc, Sigmund
D:7 exclusion: upstairs
Lair:6 exclusions: swamp dragon and 1 more exclusion
Snake:1 exclusion: 2 naga ritualists
Elf:2 1 runed door


Innate Abilities, Weirdness & Mutations

You reflexively headbutt those who attack you in melee.
You have a pair of horns on your head.
Your system is resistant to poisons. (rPois)
Your spells are a little harder to cast, but a little more powerful.


Message History

The yaktaur captain hits you but does no damage.
The storm dragon bites you!
* * * LOW HITPOINT WARNING * * *
The storm dragon claws you.
* * * LOW HITPOINT WARNING * * *
You block the storm dragon's attack.
The deep elf annihilator mumbles some strange words.
The deep elf annihilator blinks!
The tengu reaver hits you but does no damage.
The tengu reaver pecks you.
* * * LOW HITPOINT WARNING * * *
The tengu reaver claws you.
* * * LOW HITPOINT WARNING * * *
An ettin comes into view.
It is wielding a great mace and an enchanted dire flail.
You take 13 damage, and have 62/266 hp.
You slice the vault warden!!
Lightning courses through the vault warden!
You headbutt the vault warden!! You slice the storm dragon!!
You slice the yaktaur captain!! You slice the deep troll!!
Lightning courses through the deep troll!
You kill the deep troll!
Trog accepts your kill.
You slice the tengu reaver!!
Lightning courses through the tengu reaver!
You slice the deep elf mage!! You slash the storm dragon!
The storm dragon bites you but does no damage.
You block the storm dragon's attack. x2; You block the vault warden's attack.
The storm dragon bites you but does no damage.
The storm dragon closely misses you. The storm dragon completely misses you.
You block the yaktaur captain's attack.
The ironheart preserver casts a spell.
The ironheart preserver begins to accept its allies' injuries.
The freezing wraith closely misses you. You furiously retaliate!
You headbutt the freezing wraith!! The freezing wraith barely misses you.
You slice the vault warden!!
You kill the vault warden!
Trog accepts your kill.
The runic seals fade away.
You closely miss the storm dragon. You slash the freezing wraith!
You destroy the freezing wraith!
Trog accepts your kill.
You carve the yaktaur captain like a ham!!!
Lightning courses through the yaktaur captain!
You kill the yaktaur captain!
Trog accepts your kill.
You completely miss the tengu reaver. The vault warden blocks your attack.
You hit the storm dragon.
The teleport trap disappears.
The battlesphere disappears!
You block the storm dragon's attack. x2
The storm dragon tramples you but does no damage.
You block the tengu reaver's attack. x2
The tengu reaver claws you but does no damage.
The deep elf mage gestures wildly while chanting.
The deep elf mage conjures a globe of magical energy!
The deep elf high priest mumbles some strange prayers to its god against you.
Something smites you!
* * * LOW HITPOINT WARNING * * *
The storm dragon bites you but does no damage.
The storm dragon claws you but does no damage.
The storm dragon tramples you but does no damage.
The ironheart preserver drinks a potion.
The ironheart preserver is healed!
The tengu reaver hits you with a war axe of electrocution.
* * * LOW HITPOINT WARNING * * *
You block the tengu reaver's attack. x2
You hear a shout! x2
An ettin and a battlesphere come into view.
You take 14 damage, and have 49/266 hp.
Your skin crawls.
You feel resistant to hostile enchantments.
You are feeling very hungry.
The ettin shouts in stereo!
You block the storm dragon's attack.
The storm dragon claws you but does no damage.
You block the storm dragon's attack. The vault warden barely misses you.
You furiously retaliate!
You headbutt the vault warden, but do no damage.
You block the storm dragon's attack. x3
The vault warden activates a sealing rune.
The tengu reaver hits you with a long sword!
* * * LOW HITPOINT WARNING * * *
The tengu reaver pecks you but does no damage.
The tengu reaver claws you but does no damage.
The deep elf high priest invokes the aid of its god against you.
Something smites you!
* * * LOW HITPOINT WARNING * * *
The death knight hits you with a morningstar of protection.
* * * LOW HITPOINT WARNING * * *
The storm dragon breathes lightning at you.
The bolt of lightning hits you! You resist.
* * * LOW HITPOINT WARNING * * *
The ironheart preserver casts a spell.
The ironheart preserver is healed somewhat.
The deep elf mage gestures wildly while chanting.
The deep elf mage conjures a globe of magical energy!
The tengu reaver hits you with a war axe of electrocution!
* * * LOW HITPOINT WARNING * * *
The tengu reaver pecks you but does no damage.
The tengu reaver claws you but does no damage.
The storm dragon bites you!
You die...

..... #....#
.....###....#
.....C.#....# ..
......#....#...
#....#....#e..
...(.$.C.....
#######))).pe..##
.......(pQp<*....
.......()@De*....
........eDQ<ยง....
........p.*......
#######)!......##
#............
#.#.#....#.#.
#.#.#....#... #
#.#....# #.
#.#....#


You could see an ironheart preserver, 2 storm dragons, 2 vault wardens, 2 tengu
reavers, a death knight, a deep elf annihilator, 2 ettins, a deep elf high
priest, 2 deep elf magi and 3 battlespheres.

Vanquished Creatures
  the Royal Jelly (Slime:5)
  Dissolution (Slime:3)
  An ancient lich (Crypt:1)
  Mara (Swamp:3)
  Margery (Depths:4)
  Boris (Vaults:4)
  Frederick (Vaults:3)
  the Lernaean hydra (Swamp:4)
  Saint Roka (Vaults:2)
  Vashnia (Snake:3)
  Xtahua (Vaults:4)
  A golden dragon (Depths:5)
  A bone dragon (Crypt:3)
  A profane servitor (Crypt:3)
  the Enchantress (Depths:1)
  Jory (Vaults:4)
  Jorgrun (Vaults:3)
  A tentacled monstrosity (Depths:5)
  5 liches
  19 acid blobs
  3 deep elf blademasters (Elf:3)
  3 deep elf master archers (Elf:3)
  Gastronok (D:8)
  2 sphinxes
  The ghost of Feta the Peltast, an adept FoFi of Ru (Snake:1)
  2 tengu reavers (Depths:2)
  Kirke (Swamp:2)
  2 thorn hunters (Swamp:4)
  7 shadow dragons
  An ancient champion (Crypt:1)
  Roxanne (Swamp:3)
  15 azure jellies
  6 fire giants
  Donald (Swamp:2)
  5 storm dragons
  4 revenants (Crypt:1)
  An iron dragon (Depths:3)
  8 deep elf sorcerers
  13 nagarajas
  11 frost giants
  19 vault wardens
  A ghost moth (shapeshifter) (Depths:3)
  Aizul (Snake:3)
  4 deep elf elementalists (Elf:3)
  The ghost of Trampli the Severer, a journeyman HOFi of Makhleb (Swamp:2)
  3 curse skulls
  18 ironheart preservers
  3 orc warlords
  3 spriggan defenders (Depths:1)
  Louise (Elf:1)
  A war gargoyle (Vaults:5)
  A draconian annihilator (Depths:5)
  24 ghouls
  16 stone giants
  2 green draconians (Depths:5)
  27 very ugly things
  Nessos (Lair:6)
  A caustic shrike skeleton (Depths:2)
  12 vampire knights
  A red draconian (Depths:5)
  The ghost of p0werm0de the Cleaver, a journeyman DsBe of Trog (Lair:5)
  8 deep elf annihilators
  Azrael (D:12)
  4 deep elf demonologists
  3 yellow draconians (Depths:5)
  2 purple draconians (Depths:5)
  Snorg (Orc:1)
  A white draconian (Depths:5)
  10 fire dragons
  10 deep elf death magi
  8 death oozes
  10 eidola
  A mummy priest (Crypt:3)
  A merfolk impaler (Depths:1)
  7 jiangshi
  11 ettins
  A quicksilver dragon zombie (Crypt:1)
  A deep elf high priest (Elf:3)
  10 yaktaur captains
  A merfolk javelineer (Depths:1)
  The ghost of Endymion the Blocker, a journeyman MiFi of Makhleb (Orc:1)
  5 rakshasas
  The ghost of Dirian the Carver, a journeyman MiFi of Ashenzari (IceCv)
  14 great orbs of eyes
  14 ogre magi
  23 naga warriors
  12 ice dragons
  18 hydras
  Erolcha (D:12)
  42 vault guards
  The ghost of Irenicus the Black Belt, a journeyman OpCK of Xom (D:11)
  The ghost of ThereIsNoGod the Grappler, a novice TrFi of Okawaru (D:10)
  7 spriggan air magi
  2 ghost crabs
  14 alligators
  4 death knights
  8 centaur warriors
  11 deep troll shamans
  36 two-headed ogres
  14 anacondas
  13 death yaks
  10 deep troll earth magi
  26 dancing weapons
  6 tengu warriors
  23 naga sharpshooters
  10 spriggan berserkers
  16 hell knights
  8 vampire magi
  6 orc high priests (Orc:2)
  A small abomination (Elf:3)
  3 shock serpents
  A titan zombie (Depths:2)
  Nergalle (Lair:1)
  22 skeletal warriors
  27 deep elf knights
  An iron troll (Depths:4)
  A death drake (shapeshifter) (Vaults:2)
  3 salamander mystics (Snake:4)
  3 shadow wraiths
  An iron giant zombie (Crypt:1)
  5 glowing orange brains
  A ghost moth zombie (Crypt:1)
  10 swamp dragons
  7 wizards
  10 sea snakes
  An unseen horror (shapeshifter) (Depths:3)
  12 flayed ghosts
  A spriggan druid (Swamp:3)
  8 naga ritualists
  20 deep trolls
  10 deep elf archers
  11 unseen horrors
  22 orc knights
  A shadow dragon zombie (Crypt:3)
  11 mana vipers
  25 phantasmal warriors
  45 ugly things
  11 necromancers
  12 harpies
  17 ironbrand convokers
  A tengu skeleton (Depths:4)
  7 frost giant zombies
  4 oklob plants
  8 wolf spiders
  7 cyclopes
  4 fire giant zombies (Depths:4)
  9 orc sorcerers
  8 shining eyes
  2 manticores
  2 manticores (shapeshifter)
  A wolf spider zombie (D:13)
  A shock serpent zombie (Crypt:1)
  68 deep elf magi
  4 elephants (Lair:6)
  14 salamanders
  A fire giant skeleton (Crypt:1)
  An iron dragon skeleton (Depths:4)
  11 guardian serpents
  A sphinx skeleton (Vaults:1)
  Maurice (Orc:1)
  A guardian serpent (shapeshifter) (Vaults:4)
  3 ice statues (IceCv)
  A spriggan zombie (Depths:4)
  22 naga magi
  Joseph (Lair:1)
  An eye of devastation (Slime:5)
  An elf zombie (Depths:4)
  2 eyes of devastation (shapeshifter)
  38 black mambas
  12 vault sentinels
  4 gargoyles
  20 spiny frogs
  2 white draconian zombies
  The ghost of Frank the Slasher, a novice OpFi of Cheibriados (D:4)
  A death yak zombie (Crypt:2)
  2 human zombies
  49 yaktaurs
  A kobold demonologist (D:15)
  9 rime drakes
  2 ice devils (Lair:1)
  7 komodo dragons
  An entropy weaver simulacrum (Vaults:2)
  13 freezing wraiths
  A komodo dragon (shapeshifter) (Elf:1)
  2 guardian mummies (Crypt:3)
  A spriggan skeleton (Depths:2)
  6 tengu conjurers
  An elf skeleton (Depths:4)
  A meliai (shapeshifter) (Depths:3)
  2 queen bees (shapeshifter)
  A harpy zombie (Crypt:3)
  2 jumping spiders (Crypt:3)
  2 red draconian skeletons
  A jumping spider (shapeshifter) (D:15)
  13 trolls
  10 tyrant leeches
  10 wind drakes (D:12)
  3 hydra zombies
  2 raiju (shapeshifter)
  2 polar bears
  17 hornets
  123 slime creatures
  11 hippogriffs
  An ice dragon zombie (Crypt:3)
  12 bog bodies
  13 dream sheep
  16 blink frogs
  A fire giant simulacrum (Crypt:1)
  A satyr skeleton (Crypt:1)
  3 shadows
  A spriggan (shapeshifter) (Vaults:3)
  9 wraiths
  24 air elementals
  6 flying skulls (Depths:4)
  5 redbacks (Crypt:3)
  43 yaks
  An ettin skeleton (Crypt:2)
  A hog (shapeshifter) (Depths:5)
  An ushabti (Crypt:3)
  9 spriggans
  2 fire elementals
  6 wyverns
  7 water elementals
  A vampire (D:11)
  3 hogs (Swamp:2)
  A yak (shapeshifter) (Depths:1)
  A human (shapeshifter) (Depths:3)
  8 vampire mosquitoes
  8 basilisks
  A wind drake skeleton (Crypt:2)
  5 golden eyes
  12 wargs
  3 hungry ghosts
  Eustachio (D:4)
  Menkaure (D:4)
  59 nagas
  7 acid dragons
  15 swamp worms
  27 insubstantial wisps
  3 floating eyes
  12 hell hounds
  14 water moccasins
  11 porcupines
  70 orc warriors
  13 swamp drakes
  2 black bears
  8 ice beasts
  A black bear (shapeshifter) (Depths:2)
  8 eyes of draining
  3 sky beasts
  An eye of draining (shapeshifter) (Depths:3)
  25 ogres
  4 phantoms
  A snapping turtle zombie (Crypt:3)
  9 wolves (Depths:4)
  4 boggarts (Vaults:1)
  A dream sheep skeleton (Crypt:2)
  20 necrophages
  16 centaurs
  13 crocodiles
  A big kobold (D:8)
  A rime drake skeleton (Crypt:2)
  A human simulacrum (Depths:4)
  20 bullfrogs
  A wyvern zombie (D:9)
  2 earth elementals
  A human skeleton (Vaults:1)
  6 wyvern skeletons (Crypt:3)
  A scorpion (D:9)
  A queen bee zombie (Crypt:1)
  20 killer bees
  10 wights
  A howler monkey (D:13)
  9 electric eels
  A bullfrog zombie (D:12)
  2 lava snakes (D:11)
  3 crimson imps
  A gnoll shaman (D:8)
  6 hounds
  3 jellies
  38 orc priests
  3 bullfrog skeletons
  6 centaur skeletons
  33 orc wizards
  Natasha (thrice) (D:4 D:7)
  4 iguanas
  5 worker ants
  A demigod zombie (Crypt:2)
  3 tengu zombies
  A felid skeleton (Crypt:2)
  A howler monkey skeleton (D:4)
  8 adders
  22 gnolls
  2 shadow imps
  A swamp drake skeleton (Crypt:1)
  An ufetubus (Depths:4)
  An ooze (shapeshifter) (Vaults:4)
  3 adder skeletons (D:5)
  A worm (D:3)
  A barachi skeleton (Crypt:1)
  A dart slug (D:2)
  6 leopard geckos
  114 orcs
  4 giant cockroaches
  4 goblins
  5 jackals
  4 quokkas
  A ball python (D:5)
  4 bats
  5 frilled lizards
  A gnoll skeleton (Crypt:1)
  5 kobolds
  A quokka skeleton (D:4)
  A quokka zombie (D:5)
  4 rats
  A river rat skeleton (Crypt:1)
  A briar patch (Swamp:4)
  A crawling corpse (Elf:3)
  6 fungi
  13 plants
  4 withered plants (Crypt:3)
2542 creatures vanquished.

Vanquished Creatures (collateral kills)
  2 acid blobs (Slime:5)
  A tengu reaver (Vaults:5)
  A deep elf demonologist (Elf:3)
  A death ooze (Slime:5)
  An eidolon (Crypt:1)
  A deep elf high priest (Vaults:5)
  2 hydras (Swamp:4)
  4 swamp dragons (Swamp:4)
  2 deep elf archers (Elf:3)
  A phantasmal warrior (Vaults:5)
  A vault sentinel (Vaults:5)
  A slime creature (Swamp:4)
  2 bog bodies (Swamp:4)
  A water moccasin (Lair:4)
  A swamp drake (Swamp:4)
  A fungus (Lair:4)
23 creatures vanquished.

Vanquished Creatures (others)
  A naga warrior (Snake:3)
  An anaconda (Snake:1)
  A naga ritualist (Snake:1)
  A swamp dragon (Swamp:4)
  2 deep elf magi
  3 mana vipers (Snake:1)
  A black mamba (Snake:1)
  A hornet (Vaults:5)
  A naga (Snake:1)
  A boggart (Vaults:1)
  15 ball lightnings (D:12)
  A bush (Lair:5)
  4 fungi
  17 plants
  3 withered plants (Crypt:3)
53 creatures vanquished.

Grand Total: 2618 creatures vanquished

Notes
Turn   | Place    | Note
-------+----------+-------------------------------------------
     0 | D:1      | theanonym the Minotaur Berserker began the quest for the Orb.
     0 | D:1      | Reached XP level 1. HP: 19/19 MP: 0/0
   761 | D:2      | Reached skill level 4 in Fighting
   773 | D:2      | Reached skill level 4 in Axes
   773 | D:2      | Reached XP level 2. HP: 27/27 MP: 1/1
   777 | D:2      | Reached XP level 3. HP: 18/34 MP: 2/2
   783 | D:2      | Reached skill level 5 in Fighting
   784 | D:2      | Reached XP level 4. HP: 18/42 MP: 3/3
  1202 | D:2      | Reached skill level 3 in Armour
  2001 | D:3      | Found a deep blue altar of Sif Muna.
  2199 | D:4      | Reached skill level 5 in Axes
  2234 | D:4      | Found an iron altar of Okawaru.
  2234 | D:4      | Noticed Menkaure
  2242 | D:4      | Killed Menkaure
  2242 | D:4      | Reached XP level 5. HP: 40/50 MP: 4/4
  2242 | D:4      | Reached XP level 6. HP: 45/57 MP: 5/5
  2410 | D:4      | Noticed Frank's ghost (novice OpFi)
  2416 | D:4      | Reached ** piety under Trog
  2425 | D:4      | Killed Frank's ghost
  2425 | D:4      | Reached skill level 6 in Fighting
  2425 | D:4      | Reached skill level 6 in Axes
  2425 | D:4      | Reached skill level 4 in Armour
  2425 | D:4      | Reached XP level 7. HP: 64/64 MP: 6/6
  2458 | D:4      | Noticed Natasha
  2469 | D:4      | Killed Natasha
  2469 | D:4      | Reached skill level 7 in Axes
  2469 | D:4      | Reached skill level 5 in Armour
  2623 | D:4      | Noticed Eustachio
  2639 | D:4      | Killed Eustachio
  2719 | D:4      | Got a translucent cloak
  2725 | D:4      | Identified the +2 cloak of Kizonnin {MP+9 Slay+2} (You found it on level 4 of the Dungeon)
  2751 | D:4      | Reached skill level 7 in Fighting
  3294 | D:5      | Entered Level 5 of the Dungeon
  3369 | D:5      | Found a shadowy altar of Dithmenos.
  3407 | D:5      | Reached XP level 8. HP: 73/73 MP: 7/7
  3505 | D:5      | Reached skill level 6 in Armour
  3690 | D:5      | Found a staircase to the Ecumenical Temple.
  3785 | D:5      | Reached skill level 8 in Axes
  3876 | Temple   | Entered the Ecumenical Temple
  4118 | D:5      | Reached skill level 8 in Fighting
  4290 | D:6      | Found an opulent altar of Gozag.
  4403 | D:6      | Noticed Sigmund
  4404 | D:6      | Noticed Blork the orc
  4519 | D:7      | Noticed Natasha
  4529 | D:7      | Killed Natasha
  4561 | D:7      | Reached skill level 7 in Armour
  4647 | D:7      | Noticed Natasha
  4653 | D:7      | Killed Natasha
  4756 | D:7      | Got a polished whip
  4757 | D:7      | Identified the +2 whip of Starshine {slash, rElec Dex+2} (You found it on level 7 of the Dungeon)
  4771 | D:7      | Reached *** piety under Trog
  4771 | D:7      | Reached skill level 9 in Fighting
  4794 | D:7      | Reached skill level 8 in Armour
  5178 | D:7      | Reached XP level 9. HP: 84/84 MP: 8/8
  5252 | D:8      | Found a shattered altar of Ashenzari.
  5262 | D:8      | Noticed a two-headed ogre
  5272 | D:8      | Killed a two-headed ogre
  5272 | D:8      | Reached skill level 10 in Fighting
  5272 | D:8      | Reached skill level 9 in Armour
  5279 | D:8      | Noticed a two-headed ogre
  5295 | D:8      | Killed a two-headed ogre
  5295 | D:8      | Reached skill level 11 in Fighting
  5295 | D:8      | Reached skill level 10 in Armour
  5295 | D:8      | Reached skill level 1 in Shields
  5340 | D:8      | Found Josk's Food Emporium.
  5372 | D:8      | Found a shimmering altar of Xom.
  5388 | D:8      | Noticed a manticore
  5396 | D:8      | Killed a manticore
  5465 | D:8      | Reached XP level 10. HP: 90/97 MP: 9/9
  5473 | D:8      | Found a shimmering altar of Xom.
  5473 | D:8      | Found a shimmering altar of Xom.
  5473 | D:8      | Found a shimmering altar of Xom.
  5473 | D:8      | Found a shimmering altar of Xom.
  5473 | D:8      | Found a shimmering altar of Xom.
  5474 | D:8      | Found a shimmering altar of Xom.
  5474 | D:8      | Found a shimmering altar of Xom.
  5474 | D:8      | Found a shimmering altar of Xom.
  5477 | D:8      | Paralysed by a hornet for 2 turns
  5482 | D:8      | Paralysed by a hornet for 1 turns
  5483 | D:8      | Reached skill level 12 in Fighting
  5634 | D:8      | Noticed Gastronok
  5650 | D:8      | Killed Gastronok
  5650 | D:8      | Reached skill level 13 in Fighting
  5650 | D:8      | Reached skill level 11 in Armour
  5650 | D:8      | Reached skill level 3 in Shields
  6255 | D:9      | Found a staircase to the Lair.
  6362 | D:9      | Reached **** piety under Trog
  6538 | D:9      | Found a blossoming altar of Fedhas.
  6558 | D:9      | Noticed an oklob plant
  6668 | D:9      | Reached skill level 4 in Shields
  6668 | D:9      | Reached XP level 11. HP: 108/108 MP: 10/10
  6902 | D:10     | Entered Level 10 of the Dungeon
  6902 | D:10     | Noticed a two-headed ogre
  6907 | D:10     | Killed a two-headed ogre
  6907 | D:10     | Reached skill level 14 in Fighting
  6907 | D:10     | Reached skill level 12 in Armour
  7177 | D:10     | Found Hucaluh's Assorted Antiques.
  7204 | D:10     | Noticed ThereIsNoGod's ghost (novice TrFi)
  7225 | D:10     | Killed ThereIsNoGod's ghost
  7572 | D:10     | Found a staircase to the Orcish Mines.
  8011 | D:10     | Noticed a four-headed hydra
  8018 | D:10     | Killed a four-headed hydra
  8156 | Orc:1    | Entered Level 1 of the Orcish Mines
  8166 | Orc:1    | Reached skill level 15 in Fighting
  8286 | Orc:1    | Noticed a stone giant
  8302 | Orc:1    | Killed a stone giant
  8302 | Orc:1    | Reached skill level 13 in Armour
  8563 | Orc:1    | Noticed Endymion's ghost (journeyman MiFi)
  8592 | Orc:1    | Killed Endymion's ghost
  8625 | Orc:1    | Noticed Maurice
  8636 | Orc:1    | Killed Maurice
  8711 | Orc:1    | Noticed Snorg
  8730 | Orc:1    | Killed Snorg
  9004 | Orc:1    | Received a gift from Trog
  9126 | Orc:1    | Noticed an orc sorcerer
  9137 | Orc:1    | Killed an orc sorcerer
  9137 | Orc:1    | Reached skill level 16 in Fighting
  9137 | Orc:1    | Reached XP level 12. HP: 122/122 MP: 11/11
  9272 | Orc:1    | Found a roughly hewn altar of Beogh.
  9405 | Orc:2    | Entered Level 2 of the Orcish Mines
  9443 | Orc:2    | Found a staircase to the Elven Halls.
  9474 | Orc:2    | Reached ***** piety under Trog
  9737 | Orc:2    | Reached skill level 9 in Axes
  9807 | Orc:2    | Noticed an orc high priest
 10000 | Orc:1    | Received a gift from Trog
 10004 | Orc:1    | Reached skill level 14 in Armour
 10195 | Orc:2    | Noticed a two-headed ogre
 10207 | Orc:2    | Killed a two-headed ogre
 10227 | Orc:2    | Noticed an orc high priest
 10240 | Orc:2    | Killed an orc high priest
 10246 | Orc:2    | Noticed an orc high priest
 10254 | Orc:2    | Noticed an orc high priest
 10259 | Orc:2    | Killed an orc high priest
 10259 | Orc:2    | Reached skill level 10 in Axes
 10271 | Orc:2    | Killed an orc high priest
 10291 | Orc:2    | HP: 30/124 [orc warrior/short sword (15)]
 10539 | Orc:2    | Killed an orc high priest
 10539 | Orc:2    | Reached skill level 11 in Axes
 10824 | Orc:2    | Noticed an orc warlord
 11044 | Orc:1    | Noticed a two-headed ogre
 11045 | Orc:1    | Noticed an ogre mage
 11046 | Orc:1    | Noticed a two-headed ogre
 11046 | Orc:1    | Noticed a two-headed ogre
 11046 | Orc:1    | Noticed a two-headed ogre
 11051 | Orc:1    | Killed a two-headed ogre
 11051 | Orc:1    | Reached skill level 12 in Axes
 11052 | Orc:1    | Killed a two-headed ogre
 11053 | Orc:1    | Killed a two-headed ogre
 11057 | Orc:1    | Killed an ogre mage
 11057 | Orc:1    | Reached XP level 13. HP: 130/130 MP: 7/12
 11112 | Orc:1    | Killed an orc warlord
 11112 | Orc:1    | Reached skill level 13 in Axes
 11374 | Orc:2    | Noticed an orc warlord
 11528 | Orc:1    | Killed an orc warlord
 11826 | Orc:2    | Received a gift from Trog
 12141 | Orc:2    | Found Igotarae's General Store.
 12154 | Orc:2    | Found Naog's Jewellery Emporium.
 12155 | Orc:2    | Found Nugy's Antique Armour Emporium.
 12155 | Orc:2    | Found Josouvys's Antique Weapon Shoppe.
 12159 | Orc:2    | Bought a pair of boots for 117 gold pieces
 12178 | Orc:2    | Bought a potion of might for 60 gold pieces
 12179 | Orc:2    | Bought a +5 ring of strength for 618 gold pieces
 12467 | Orc:2    | Found a roughly hewn altar of Beogh.
 12795 | Lair:1   | Entered Level 1 of the Lair of Beasts
 12802 | Lair:1   | Reached skill level 14 in Axes
 12880 | Lair:1   | Found a frozen archway.
 12905 | IceCv    | Entered an ice cave
 12905 | IceCv    | Noticed Dirian's ghost (journeyman MiFi)
 12913 | IceCv    | Killed Dirian's ghost
 12913 | IceCv    | Reached skill level 17 in Fighting
 13002 | IceCv    | Reached skill level 15 in Axes
 13219 | D:9      | Identified a scroll of acquirement
 13348 | Lair:1   | Reached skill level 15 in Armour
 13351 | Lair:1   | Noticed Joseph
 13363 | Lair:1   | Killed Joseph
 13870 | Lair:1   | Noticed Nergalle
 13876 | Lair:1   | Killed Nergalle
 14175 | Lair:2   | Received a gift from Trog
 15133 | Lair:3   | Reached skill level 16 in Axes
 15271 | Lair:3   | Found a staircase to the Snake Pit.
 15491 | Lair:3   | Reached XP level 14. HP: 140/140 MP: 7/13
 15884 | Lair:4   | Found a staircase to the Swamp.
 16527 | Lair:5   | Reached skill level 17 in Axes
 16671 | Lair:5   | Found a runed door.
 16672 | Lair:5   | Found a viscous altar of Jiyva.
 16674 | Lair:5   | Found a staircase to the Slime Pits.
 16674 | Lair:5   | Noticed an acid blob
 16730 | Lair:5   | Killed an acid blob
 17064 | Lair:5   | Noticed p0werm0de's ghost (journeyman DsBe)
 17074 | Lair:5   | Killed p0werm0de's ghost
 17755 | Lair:6   | Entered Level 6 of the Lair of Beasts
 17791 | Lair:6   | Reached skill level 18 in Axes
 17817 | Lair:6   | Reached ****** piety under Trog
 17960 | Lair:6   | Received a gift from Trog
 17970 | Lair:6   | Noticed Nessos
 17991 | Lair:6   | Killed Nessos
 18450 | Lair:6   | Reached XP level 15. HP: 149/149 MP: 7/14
 18561 | Lair:6   | Reached skill level 18 in Fighting
 19049 | Snake:1  | Entered Level 1 of the Snake Pit
 19151 | Snake:1  | Noticed Feta's ghost (adept FoFi)
 19174 | Snake:1  | Killed Feta's ghost
 19207 | Snake:1  | Found a flickering gateway to a bazaar.
 19216 | Bazaar   | Entered a bazaar
 19216 | Bazaar   | Found Plog's Armour Emporium.
 19216 | Bazaar   | Found Qianuz's Antique Weapon Emporium.
 19219 | Bazaar   | Found Mihuethre's Food Shoppe.
 19219 | Bazaar   | Found Guzac's Jewellery Shoppe.
 19236 | Bazaar   | Bought an uncursed amulet of guardian spirit for 330 gold pieces
 19243 | Bazaar   | Bought the +3 crown of Dyrovepreva {rElec Int+2 SInv} for 289 gold pieces
 19646 | Snake:1  | Received a gift from Trog
 20085 | Snake:1  | Reached skill level 5 in Shields
 20133 | Snake:1  | Reached skill level 19 in Fighting
 20133 | Snake:1  | Reached skill level 16 in Armour
 21112 | Snake:2  | Reached skill level 6 in Shields
 21185 | Snake:2  | Found Jyluqaont's Book Shoppe.
 21185 | Snake:2  | Found Mes Vaoh's Book Emporium.
 21683 | Snake:2  | Received a gift from Trog
 22563 | Snake:3  | Noticed Aizul
 22573 | Snake:3  | Killed Aizul
 22621 | Snake:3  | Reached XP level 16. HP: 138/162 MP: 3/15
 22852 | Snake:3  | Noticed Vashnia
 22861 | Snake:3  | Reached skill level 20 in Fighting
 22861 | Snake:3  | Reached skill level 17 in Armour
 22874 | Snake:3  | Reached skill level 7 in Shields
 23362 | Snake:3  | Killed Vashnia
 23362 | Snake:3  | Received a gift from Trog
 23596 | Snake:3  | Found a deep blue altar of Sif Muna.
 23995 | Snake:4  | Entered Level 4 of the Snake Pit
 24006 | Snake:4  | Reached skill level 8 in Shields
 24115 | Snake:4  | Reached skill level 21 in Fighting
 24121 | Snake:4  | HP: 40/167 [poisoned by a naga mage (splash of poison)]
 24126 | Snake:4  | HP: 39/167 [poisoned by a naga mage (splash of poison)]
 24131 | Snake:4  | HP: 41/167 [poisoned by a naga mage (splash of poison)]
 24143 | Snake:4  | HP: 41/167 [poisoned by a naga mage (splash of poison)]
 24148 | Snake:4  | HP: 27/167 [naga warrior/dire flail (2)]
 24156 | Snake:4  | HP: 28/167 [poisoned by a naga mage (splash of poison)]
 24164 | Snake:4  | HP: 29/167 [poisoned by a naga mage (splash of poison)]
 24284 | Snake:4  | HP: 41/167 [naga mage/bolt of poison (2)]
 24628 | Snake:4  | Reached skill level 9 in Shields
 25134 | Snake:4  | Received a gift from Trog
 25137 | Snake:4  | Reached XP level 17. HP: 105/173 MP: 7/16
 25142 | Snake:4  | Reached skill level 18 in Armour
 25183 | Snake:4  | Reached skill level 10 in Shields
 25923 | Snake:4  | Reached skill level 22 in Fighting
 26231 | Snake:4  | Received a gift from Trog
 26327 | Snake:4  | Reached skill level 11 in Shields
 26583 | Snake:4  | Got a serpentine rune of Zot
 26849 | Swamp:1  | Entered Level 1 of the Swamp
 26975 | Swamp:1  | Reached skill level 12 in Shields
 27669 | Swamp:2  | Noticed Donald
 27682 | Swamp:2  | Killed Donald
 27785 | Swamp:2  | Noticed Kirke
 27810 | Swamp:2  | Killed Kirke
 27842 | Swamp:2  | Received a gift from Trog
 27847 | Swamp:2  | Noticed Trampli's ghost (journeyman HOFi)
 27860 | Swamp:2  | Killed Trampli's ghost
 27860 | Swamp:2  | Reached skill level 13 in Shields
 28288 | Swamp:2  | Reached XP level 18. HP: 185/185 MP: 8/17
 28663 | Swamp:3  | Noticed Mara
 28851 | Swamp:3  | Reached skill level 14 in Shields
 29161 | Swamp:3  | Reached skill level 19 in Armour
 29189 | Swamp:3  | Noticed Roxanne
 29191 | Swamp:4  | Entered Level 4 of the Swamp
 29236 | Swamp:4  | Received a gift from Trog
 29476 | Swamp:3  | Killed Roxanne
 29477 | Swamp:3  | Identified Roxanne's Compendium of the Mountains (You took it off Roxanne on level 3 of the Swamp)
 29709 | Swamp:3  | Killed Mara
 29709 | Swamp:3  | Reached skill level 15 in Shields
 30341 | Swamp:4  | Noticed the 27-headed Lernaean hydra
 30358 | Swamp:4  | Killed the 26-headed Lernaean hydra
 30360 | Swamp:4  | Got a decaying rune of Zot
 31422 | D:11     | Noticed Irenicus's ghost (journeyman OpCK)
 31438 | D:11     | Killed Irenicus's ghost
 31513 | D:11     | Found a stormy altar of Qazlal.
 31888 | D:11     | Reached skill level 23 in Fighting
 32192 | D:12     | Noticed Erolcha
 32199 | D:12     | Killed Erolcha
 32394 | D:12     | Noticed Azrael
 32410 | D:12     | Killed Azrael
 32410 | D:12     | Reached skill level 20 in Armour
 33391 | D:13     | Reached XP level 19. HP: 195/195 MP: 9/18
 33782 | D:13     | Received a gift from Trog
 34093 | D:14     | Found a gate to the Vaults.
 34188 | D:14     | Got a warped leather armour
 34351 | D:14     | Found a basalt altar of Yredelemnul.
 35118 | Snake:2  | Bought a manual of Fighting for 2097 gold pieces
 35396 | D:15     | Entered Level 15 of the Dungeon
 35423 | D:15     | Reached skill level 24 in Fighting
 35618 | D:15     | Found a staircase to the Depths.
 35755 | D:15     | Found Hes Qaipn's Antique Weapon Shop.
 36013 | Vaults:1 | Entered Level 1 of the Vaults
 36053 | Vaults:1 | Found Uwiorutu's Antique Weapon Emporium.
 36244 | Vaults:1 | Received a gift from Trog
 36300 | Vaults:1 | Reached skill level 25 in Fighting
 36469 | Vaults:1 | Reached skill level 3 in Dodging
 36619 | Vaults:1 | Received a gift from Trog
 36948 | Vaults:1 | Reached skill level 26 in Fighting
 37715 | Vaults:2 | Reached XP level 20. HP: 195/212 MP: 9/19
 37886 | Vaults:2 | Reached skill level 27 in Fighting
 37933 | Vaults:2 | Reached skill level 21 in Armour
 37935 | Vaults:2 | Received a gift from Trog
 38281 | Vaults:2 | Noticed Saint Roka
 38304 | Vaults:2 | Killed Saint Roka
 38491 | Vaults:3 | Noticed Frederick
 38502 | Vaults:3 | Killed Frederick
 38502 | Vaults:3 | Reached skill level 4 in Dodging
 38507 | Vaults:3 | Reached skill level 19 in Axes
 38683 | Vaults:3 | Paralysed by an orc sorcerer for 7 turns
 38790 | Vaults:3 | Reached skill level 16 in Shields
 38797 | Vaults:3 | Noticed Jorgrun
 38818 | Vaults:3 | Killed Jorgrun
 38837 | Vaults:3 | HP: 53/216 [orc priest/divine providence[an orc knight] (11)]
 39191 | Vaults:3 | Found a staircase to the Crypt.
 39191 | Vaults:3 | Found an ancient bone altar of Kikubaaqudgha.
 39192 | Vaults:3 | Found a basalt altar of Yredelemnul.
 39212 | Vaults:3 | Received a gift from Trog
 39218 | Vaults:3 | Reached skill level 20 in Axes
 39968 | Vaults:3 | Reached XP level 21. HP: 180/222 MP: 8/20
 40443 | Vaults:3 | Reached skill level 17 in Shields
 40630 | Crypt:1  | Entered Level 1 of the Crypt
 40822 | Crypt:1  | Found a transporter.
 40875 | Crypt:1  | Reached skill level 22 in Armour
 40924 | Crypt:1  | Found a radiant altar of Vehumet.
 40943 | Crypt:1  | Received a gift from Trog
 40979 | Crypt:1  | Noticed an ancient lich
 40991 | Crypt:1  | Killed an ancient lich
 41000 | Crypt:1  | Reached skill level 21 in Axes
 41033 | Crypt:1  | Found a transporter.
 41604 | Crypt:1  | Reached skill level 18 in Shields
 41918 | Crypt:1  | Reached skill level 5 in Dodging
 42246 | Crypt:2  | Received a gift from Trog
 42757 | Crypt:3  | Entered Level 3 of the Crypt
 43234 | Crypt:3  | Found a basalt altar of Yredelemnul.
 43242 | Crypt:3  | Reached XP level 22. HP: 225/231 MP: 8/21
 43416 | Crypt:3  | HP: 67/346 [flayed ghost/flay_damage (38)]
 43419 | Crypt:3  | HP: 28/346 [flayed ghost/flay_damage (11)]
 43427 | Crypt:3  | Received a gift from Trog
 43428 | Crypt:3  | Reached skill level 19 in Shields
 43434 | Crypt:3  | Identified the +9 broad axe of Power {elec, rElec} (Trog gifted it to you on level 3 of the Crypt)
 43621 | Crypt:3  | Reached skill level 22 in Axes
 43626 | Crypt:3  | Found a staircase to the Tomb.
 44147 | Crypt:3  | Got a bound marble ring
 44148 | Crypt:3  | Identified the ring of Cuvah {Fire Int+4} (You found it on level 3 of the Crypt)
 44154 | Crypt:3  | Got a clouded zirconium amulet
 44155 | Crypt:3  | Identified the amulet of the Invisible Wishes {*Contam +Inv rElec Regen+ SInv} (You found it on level 3 of the Crypt)
 44166 | Crypt:3  | Identified the cursed ring of Xemyfihu {Str+4 Slay-3} (You found it on level 3 of the Crypt)
 44839 | Vaults:4 | Found Cawuig's Book Shop.
 44996 | Vaults:4 | Received a gift from Trog
 45098 | Vaults:4 | Reached skill level 20 in Shields
 45240 | Vaults:4 | Noticed Boris
 45254 | Vaults:4 | Killed Boris
 45257 | Vaults:4 | Noticed Jory
 45270 | Vaults:4 | Killed Jory
 45387 | Vaults:4 | Noticed Xtahua
 45396 | Vaults:4 | Killed Xtahua
 45657 | Vaults:4 | Reached skill level 23 in Axes
 46142 | Vaults:3 | Received a gift from Trog
 47026 | Elf:1    | Entered Level 1 of the Elven Halls
 47087 | Elf:1    | Reached XP level 23. HP: 235/238 MP: 22/22
 47182 | Elf:1    | Reached skill level 23 in Armour
 47349 | Elf:1    | Reached skill level 21 in Shields
 47384 | Elf:1    | Noticed Louise
 47401 | Elf:1    | Killed Louise
 47417 | Elf:1    | Received a gift from Trog
 47433 | Elf:1    | Identified the +8 hand axe "Tieschi" {flame, rC+} (Trog gifted it to you on level 1 of the Elven Halls)
 48243 | Elf:2    | Received a gift from Trog
 48555 | Elf:2    | Found a runed door.
 48577 | Elf:2    | Found a runed door.
 48634 | Elf:2    | Reached skill level 22 in Shields
 48998 | Elf:3    | Entered Level 3 of the Elven Halls
 49022 | Elf:3    | Found Adaucwof's Magic Scroll Shoppe.
 49035 | Elf:3    | Found Uregroi's Assorted Antiques.
 49043 | Elf:3    | Bought 2 potions of might for 280 gold pieces
 49157 | Elf:3    | Found Umoaf's Weapon Emporium.
 49213 | Elf:3    | Received a gift from Trog
 49284 | Elf:3    | Reached skill level 23 in Shields
 49437 | Elf:3    | Got a vibrating platinum amulet
 49446 | Elf:3    | Identified the amulet "Tuosew" {Regen+ Str+6 SInv} (You took it off a deep elf death mage on level 3 of the Elven Halls)
 49504 | Elf:3    | Got a jewelled plate armour
 49567 | Elf:3    | Got a twitching crystal amulet
 49764 | Elf:3    | Identified the +4 plate armour "Kotoa" {+Fly rPois rC+} (You took it off a deep elf blademaster on level 3 of the Elven Halls)
 49865 | Elf:2    | Received a gift from Trog
 50038 | Elf:3    | Identified the amulet of Jeuluzxo {Harm *Drain MP-9 Int+7 Dex+2} (You took it off a deep elf master archer on level 3 of the Elven Halls)
 50766 | Slime:1  | Entered Level 1 of the Pits of Slime
 50801 | Slime:1  | Reached XP level 24. HP: 247/247 MP: 22/22
 50832 | Slime:1  | Reached skill level 24 in Shields
 51196 | Slime:2  | Gained mutation: Potions are less effective at restoring your health. [a shining eye]
 51202 | Slime:2  | Gained mutation: Scrolls take you a little longer to read. [a shining eye]
 51294 | Slime:2  | Gained mutation: Scrolls take you longer to read. [a shining eye]
 51296 | Slime:2  | Gained mutation: You are frail. (-10% HP) [a shining eye]
 51863 | Slime:4  | Noticed Dissolution
 51871 | Slime:3  | Killed Dissolution
 51877 | Slime:4  | Received a gift from Trog
 51948 | Slime:4  | Gained mutation: Your spells are a little harder to cast, but a little more powerful. [a shining eye]
 51951 | Slime:4  | Reached skill level 25 in Shields
 52257 | Slime:5  | Entered Level 5 of the Pits of Slime
 52301 | Slime:5  | Gained mutation: You are weak. (Str -2) [a shining eye]
 52303 | Slime:5  | Gained mutation: You are clumsy. (Dex -2) [a shining eye]
 52408 | Slime:5  | Noticed the Royal Jelly
 52418 | Slime:5  | Killed the Royal Jelly
 52466 | Slime:5  | HP: 48/224 [acid blob (14)]
 52471 | Slime:5  | HP: 19/224 [acid (9)]
 52477 | Slime:5  | HP: 35/224 [acid (8)]
 52479 | Slime:5  | Reached skill level 24 in Armour
 52484 | Slime:5  | HP: 37/224 [slime creature (6)]
 52493 | Slime:5  | HP: 47/224 [slime creature (3)]
 52547 | Slime:5  | Got a twitching brass ring
 52716 | Slime:5  | Got a scintillating golden ring
 52728 | Slime:5  | Got a ring of the Octopus King
 52730 | Slime:5  | Got a slimy rune of Zot
 52829 | Slime:5  | Identified a ring of the Octopus King {AC+1 EV+1 Str+1 Int+1 Dex+1 SInv} (You found it on level 5 of the Pits of Slime)
 52831 | Slime:5  | Identified the ring of Compassion {+Blink MP+9} (You found it on level 5 of the Pits of Slime)
 52834 | Slime:5  | Identified the ring of Nalih {rC+ Str+2} (You found it on level 5 of the Pits of Slime)
 52868 | Slime:5  | Received a gift from Trog
 53251 | Lair:5   | Lost mutation: Scrolls take you longer to read. [potion of mutation]
 53251 | Lair:5   | Lost mutation: You are clumsy. (Dex -2) [potion of mutation]
 53251 | Lair:5   | Lost mutation: Scrolls take you a little longer to read. [potion of mutation]
 53251 | Lair:5   | Lost mutation: You are frail. (-10% HP) [potion of mutation]
 53251 | Lair:5   | Lost mutation: Potions are less effective at restoring your health. [potion of mutation]
 53251 | Lair:5   | Lost mutation: Your spells are a little harder to cast, but a little more powerful. [potion of mutation]
 53251 | Lair:5   | Gained mutation: You are very weak. (Str -4) [potion of mutation]
 53251 | Lair:5   | Gained mutation: Your system is resistant to poisons. (rPois) [potion of mutation]
 53252 | Lair:5   | Lost mutation: You are very weak. (Str -4) [potion of mutation]
 53252 | Lair:5   | Lost mutation: You are weak. (Str -2) [potion of mutation]
 53252 | Lair:5   | Gained mutation: Your spells are a little harder to cast, but a little more powerful. [potion of mutation]
 54048 | Depths:1 | Entered Level 1 of the Depths
 54058 | Depths:1 | Noticed the Enchantress
 54070 | Depths:1 | Killed the Enchantress
 54104 | Depths:1 | Got faerie dragon scales
 54159 | Depths:1 | Reached skill level 26 in Shields
 54425 | Depths:1 | Found a portal to a secret trove of treasure.
 54797 | Elf:3    | Bought 2 scrolls of enchant weapon for 300 gold pieces
 55094 | Depths:1 | You paid a toll of a +5 demon trident to enter a treasure trove
 55095 | Trove    | Entered a treasure trove
 55255 | Depths:1 | Received a gift from Trog
 55283 | Depths:1 | Found a gateway to Hell.
 55371 | Depths:1 | Reached XP level 25. HP: 257/257 MP: 22/22
 55536 | Depths:2 | Got a smoking emerald amulet
 55537 | Depths:2 | Identified the amulet of Doubts {+Rage rPois MR++} (You acquired it on level 2 of the Depths)
 55588 | Depths:2 | HP: 63/257 [flayed ghost/flay_damage (30)]
 56221 | Depths:3 | Found Finun's Jewellery Shoppe.
 56225 | Depths:3 | Found Nuohun's Jewellery Shoppe.
 56233 | Depths:3 | Bought the ring "Fanagh" {rN+ Str+3} for 376 gold pieces
 56310 | Depths:3 | Received a gift from Trog
 56379 | Depths:3 | Found a one-way gate leading to the halls of Pandemonium.
 56398 | Depths:3 | Reached skill level 27 in Shields
 56399 | Depths:3 | Reached skill level 6 in Dodging
 56410 | Depths:3 | Reached skill level 24 in Axes
 56411 | Depths:3 | Paralysed by a floating eye for 4 turns
 56531 | Depths:3 | Got a pitted plate armour
 56556 | Depths:3 | Identified the cursed +0 plate armour "Zuohearph" {rElec rPois Dex+4} (You found it on level 3 of the Depths)
 57208 | Depths:3 | Received a gift from Trog
 57463 | Depths:4 | Reached skill level 25 in Axes
 57699 | Depths:4 | Received a gift from Trog
 57741 | Depths:4 | Found a basalt altar of Yredelemnul.
 57881 | Depths:4 | Reached XP level 26. HP: 266/266 MP: 22/22
 57896 | Depths:4 | Reached skill level 26 in Axes
 57947 | Depths:4 | Noticed Margery
 57948 | Depths:4 | Received a gift from Trog
 57962 | Depths:4 | Killed Margery
 57968 | Depths:4 | Found a one-way gate to the infinite horrors of the Abyss.
 58608 | Depths:4 | Got a crude steel ring
 58609 | Depths:4 | Identified the ring of Eleqoxui {Int+4 Stlth-} (You found it on level 4 of the Depths)
 58662 | Depths:4 | Received a gift from Trog
 58679 | Depths:5 | Entered Level 5 of the Depths
 58775 | Depths:5 | Reached skill level 27 in Axes
 58782 | Depths:5 | Paralysed by a floating eye for 2 turns
 58888 | Depths:5 | Reached skill level 25 in Armour
 58943 | Depths:5 | Found a gate to the Realm of Zot.
 58960 | Depths:5 | Reached skill level 7 in Dodging
 59121 | Depths:5 | Found a gateway to a ziggurat.
 59747 | Vaults:5 | Entered Level 5 of the Vaults
 59759 | Vaults:5 | Reached skill level 26 in Armour
 59764 | Vaults:5 | Received a gift from Trog
 59815 | Vaults:5 | HP: 66/266 [storm dragon (2)]
 59818 | Vaults:5 | HP: 28/266 [deep elf high priest/divine providence (12)]
 59818 | Vaults:5 | HP: 7/266 [tengu reaver/war axe of electrocution (10)]
 59818 | Vaults:5 | Slain by a storm dragon

Skill      XL: |  1  2  3  4  5  6  7  8  9 10 11 12 13 14 15 16 17 18 19 20 21 22 23 24 25 26 |
---------------+-------------------------------------------------------------------------------+-----
Fighting       | 4 5 6 7 9 11 13 16 17 19 21 22 23 26 27 | 27.0
Axes           | 4 5 6 7 8 12 16 18 20 21 23 25 27 | 27.0
Armour         | 3 4 5 8 10 11 13 14 15 16 17 18 20 21 22 23 24 26 | 26.6
Shields        | 1 4 6 9 13 15 16 18 20 23 26 27 | 27.0
Dodging        | 3 4 5 6 7 |  7.9
Maces & Flails | |  0.2
Staves         | |  0.5

Action                   |  1- 3 |  4- 6 |  7- 9 | 10-12 | 13-15 | 16-18 | 19-21 | 22-24 | 25-27 || total
-------------------------+-------+-------+-------+-------+-------+-------+-------+-------+-------++-------
Melee: Hand axe          |    25 |    60 |    44 |       |       |       |       |       |       ||   129
       Headbutt          |     2 |    11 |    48 |   128 |   276 |   404 |   419 |   374 |   244 ||  1906
       Quarterstaff      |       |       |    81 |       |       |       |       |       |       ||    81
       Whip              |       |       |    27 |       |       |       |       |       |       ||    27
       Flail             |       |       |    36 |       |       |       |       |       |       ||    36
       Spear             |       |       |    23 |   411 |       |       |       |       |       ||   434
       Broad axe         |       |       |       |   120 |   869 |  1309 |  1269 |  1261 |   784 ||  5612
Throw: Tomahawk          |       |       |       |    15 |    18 |    34 |     1 |     1 |       ||    69
Invok: Berserk           |     1 |     2 |     5 |    12 |    12 |    10 |    14 |    12 |     5 ||    73
       Trog's Hand       |       |     1 |     3 |     6 |     3 |    11 |    13 |    12 |     6 ||    55
       Burn Spellbooks   |       |       |       |     1 |     5 |     2 |     5 |     5 |     2 ||    20
       Brothers in Arms  |       |       |       |       |       |     7 |     2 |     4 |     3 ||    16
Evoke: Wand              |       |       |       |       |     4 |       |       |     3 |       ||     7
       Phial of floods   |       |       |       |       |       |       |     1 |       |       ||     1
  Use: Scroll            |       |       |    11 |     3 |    22 |    12 |    10 |    16 |     8 ||    82
       Potion            |       |       |       |       |     8 |     7 |     3 |     7 |     1 ||    26
 Stab: Distracted        |       |       |       |       |       |     3 |       |       |     2 ||     5
  Eat: Chunk             |       |     5 |    12 |    29 |    37 |    24 |    39 |    29 |    15 ||   190
       Bread ration      |       |     1 |     1 |       |       |       |     1 |     3 |     1 ||     7
       Fruit             |       |       |       |     1 |    16 |    21 |    11 |    15 |     1 ||    65
       Meat ration       |       |       |       |       |       |     2 |       |       |       ||     2
       Royal jelly       |       |       |       |       |       |       |       |     1 |     1 ||     2
Armor: Animal skin       |     1 |       |       |       |       |       |       |       |       ||     1
       Scale mail        |     8 |    23 |    68 |       |       |       |       |       |       ||    99
       Chain mail        |       |       |    65 |    35 |       |       |       |       |       ||   100
       Plate armour      |       |       |       |   174 |   419 |   666 |   440 |   419 |   235 ||  2353
Dodge: Dodged            |    19 |    39 |   112 |   139 |   227 |   320 |   232 |   267 |   167 ||  1522
Block: Buckler           |       |       |    29 |   112 |   191 |   102 |       |       |       ||   434
       Shield            |       |       |       |       |       |   583 |   747 |   736 |       ||  2066
       Large shield      |       |       |       |       |       |       |       |   145 |   887 ||  1032
       Rpst.: Broad axe  |       |       |       |       |       |       |       |       |     3 ||     3

Vault maps used:
D:1:      minmay_arrival_solitary_statue, serial_bayou_pond_c
D:3:      serial_glass, glass_columns_a, glass_columns_b, led_sif_pool
D:4:      cheibrodos_old_hovel, okawaru_ov_weapons_minmay, first_bread,
          uniq_eustachio, uniq_natasha, uniq_menkaure
D:5:      old_standard_altar, minmay_temple_entry_poolview
D:6:      grunt_temple_overflow_octagram, grunt_gozag_statues,
          uniq_blork_the_orc, uniq_sigmund, uniq_duvessa
D:8:      evilmike_ruin_ashenzari, xom_redecorated, serial_shops,
          shop_fountains, blue_anna_alchemist, uniq_gastronok
D:9:      tgw_fedhas, lair_entry_dummy
D:10:     david_orc_1_choice, serial_shops, nicolae_shop_statue_plus,
          serial_bayou_lake_a
D:11:     basic_altar, kennysheep_generic_room_2
D:12:     serial_bayou, serial_bayou_pond_e, serial_bayou_pond_e,
          serial_bayou_shore_b, serial_bayou_lagoon_b, serial_bayou_pond_e,
          wad_floor_pattern_untrapped, aerie_lemuel, uniq_azrael, uniq_erolcha
D:13:     minmay_lizard_king
D:14:     erik_vaults_2, minmay_misc_feat_plants, minmay_misc_feat_doors,
          yredelemnul_altar_generic
D:15:     grunt_enter_depths_hoard, serial_shops, nicolae_shop_behind_doors,
          serial_park_square1, minmay_misc_feat_secret_circle
Temple:   pf_slime_end_temple
Lair:1:   portal_ice_cave_demonic_guard, grunt_megastairs_3, uniq_nergalle,
          uniq_joseph
Lair:2:   grunt_megastairs_5, serial_bayou_shore_b, serial_bayou_shore_a,
          lemuel_fruit_fields, serial_bayou_shore_b
Lair:3:   minmay_snake_entry_guardpost_medium
Lair:4:   minmay_swamp_entry_worms, serial_bayou_pond_d,
          hangedman_lair_generics_rect
Lair:5:   slime_altar_2, bh_autumn_forest_stairs, kennysheep_basilisk_garden
Lair:6:   wormcave, guppyfry_lair_end_dragon, st_stairs_10,
          serial_bayou_shore_b, minmay_lair_oklob_chamber, uniq_nessos
Swamp:1:  hangedman_swamp_blocks, swamp_pool2, hangedman_swamp_lotus
Swamp:2:  nicolae_swamp_stair_fork, uniq_donald, uniq_kirke
Swamp:3:  nicolae_swamp_little_tower, uniq_roxanne, uniq_mara
Swamp:4:  grunt_swamp_rune_castle, swamp_pool1, nicolae_swamp_very_dense_foliage
Snake:1:  onia_ninara_swampy_vault, serial_shops, bzr_firewalk
Snake:2:  nicolae_snake_single_loop, serial_bayou_ford_a, st_stairs_10,
          library_closet, serial_bayou_pond_b, spider_trap,
          nicolae_coiled_stairwell_down, minmay_shoptagon
Snake:3:  basic_altar, uniq_aizul, uniq_vashnia
Snake:4:  grunt_snake_rune_pools, st_stairs_9
Slime:4:  dissolution_awaits
Orc:1:    basic_altar, uniq_snorg, uniq_maurice
Orc:2:    st_orc_congregation, lemuel_statue_altar
Elf:1:    minmay_elf_arrival_circle, special_room,
          hangedman_elven_crosses_minicolossus, uniq_louise
Elf:3:    minmay_elf_hall_statues, serial_shops, nicolae_shop_trees,
          nicolae_shop_behind_doors, shop
Vaults:1: ontoclasm_vaults_loading_screen, nicolae_vaults_angled_halls,
          vaults_room_pool, vaults_room_corners,
          nicolae_vaults_ring_of_whatevers, v_misc_33,
          nicolae_vaults_shelves_hall, nicolae_vaults_shelves_hall,
          vaults_dpeg_cross, nicolae_vaults_border_crossing, serial_shops, shop
Vaults:2: v_alt_pattern_1, ontoclasm_vaults_ring_square, grunt_vaults_funnel,
          nicolae_vaults_display_case, hangedman_vaults_river_flow,
          vaults_room_large_hall, vaults_room_corners, v_misc_8,
          vaults_room_grid, ontoclasm_vaults_hangar, uniq_saint_roka
Vaults:3: hangedman_vaults_slither, v_rooms_4, ontoclasm_vaults_fault,
          minmay_crypt_entry_necro_gods, nicolae_vaults_big_ls,
          dpeg_vaults_pockets_of_resistance, hangedman_vaults_corner_blocks,
          v_misc_33, v_misc_9, vaults_mumra_minichess,
          ontoclasm_vaults_decontamination, vaults_room_grid,
          nicolae_vaults_specimen_jars, ontoclasm_vaults_twist, uniq_frederick,
          uniq_jorgrun
Vaults:4: v_misc_4, hangedman_vaults_stream, v_misc_28, hangedman_vaults_maws,
          hangedman_vaults_impose, nicolae_vaults_little_squares_5,
          vaults_dpeg_doors, ontoclasm_vaults_ligature, v_pattern_4,
          nicolae_vaults_theta, vaults_room_grid, serial_shops, shop, uniq_jory,
          uniq_xtahua, uniq_boris
Vaults:5: serial_shops
Crypt:1:  gammafunk_sealed_library
Crypt:3:  evilmike_haunted_forest
Depths:1: hell_entry, enter_trove_6, due_unseen_surprise, uniq_enchantress
Depths:2: kennysheep_cluttered_fort, hell_entry, minmay_staircase_bubble
Depths:3: four-leaf_vault, roderic_three_in_a_row, hell_entry, pan_entry,
          serial_bayou_shore_b, minmay_staircase_statues_hall_small,
          minmay_shop_star
Depths:4: lemuel_vampire_tower, grunt_pan_entry_zigzag, hell_entry,
          nicolae_abyss_entry_one_way_or_another, st_stairs_9,
          minmay_misc_feat_chi, uniq_margery
Depths:5: grunt_twist_and_shout, enter_ziggurat_f, hell_entry,
          corexii_leaking_fountain
Bazaar:   bazaar_jpeg_oval
Trove:    trove_simple
IceCv:    ice_cave_statue_garden_chambered

Table legend:
 A = Turns spent in this place as a percentage of turns spent in the entire game.
 B = Non-inter-level travel turns spent in this place as a percentage of non-inter-level travel turns spent in the entire game.
 C = Inter-level travel turns spent in this place as a percentage of turns spent in this place.
 D = Turns resting spent in this place as a percentage of non-inter-level travel turns spent in this place.
 E = Turns spent auto-exploring this place as a percentage of non-inter-level travel turns spent in this place.
 F = Non-inter-level travel turns spent in this place divided by the number of levels of this place that you've seen.
                   A       B       C       D       E      F
               +-------+-------+-------+-------+-------+----------------------
         Total | 100.0 | 100.0 |   1.0 |   3.1 |   9.6 | 318.1
       Dungeon |  19.0 |  18.9 |   1.5 |   2.4 |  13.1 | 224.0
        Temple |   0.1 |   0.1 |   5.9 |   0.0 |  93.8 |  16.0
          Lair |   9.1 |   9.1 |   1.3 |   2.5 |  10.6 | 270.8
         Swamp |   7.4 |   7.4 |   0.9 |   3.0 |   7.5 | 328.5
     Snake Pit |  12.7 |  12.8 |   0.6 |   5.6 |   6.8 | 569.8
    Slime Pits |   4.2 |   4.2 |   0.9 |   4.3 |   4.7 | 149.2
  Orcish Mines |   7.4 |   7.4 |   1.3 |   4.3 |   6.0 | 660.5
   Elven Halls |   7.8 |   7.7 |   1.4 |   2.8 |  10.6 | 459.0
        Vaults |  11.5 |  11.4 |   1.1 |   3.5 |  11.1 | 407.8
         Crypt |   8.8 |   8.9 |   0.8 |   1.6 |   7.7 | 525.7
        Depths |  10.8 |  10.9 |   0.5 |   1.9 |  11.0 | 388.6
        Bazaar |   0.1 |   0.1 |   0.0 |   0.0 |  26.9 |  26.0
         Trove |   0.1 |   0.1 |   0.0 |   0.0 |  17.6 |  17.0
      Ice Cave |   1.0 |   1.0 |   0.0 |   0.0 |   1.2 | 171.0
               +-------+-------+-------+-------+-------+----------------------

Table legend:
 A = Kills in this place as a percentage of kills in entire the game.
 B = Kills by you in this place as a percentage of kills by you in the entire game.
 C = Kills by friends in this place as a percentage of kills by friends in the entire game.
 D = Other kills in this place as a percentage of other kills in the entire game.
 E = Experience gained in this place as a percentage of experience gained in the entire game.
 F = Experience gained in this place divided by the number of levels of this place that you have seen.
                   A       B       C       D       E      F
               +-------+-------+-------+-------+-------+----------------------
         Total | 100.0 | 100.0 | 100.0 | 100.0 | 100.0 | 26463.8
       Dungeon |  15.4 |  15.5 |   0.0 |   0.0 |   4.9 | 4843.8
          Lair |   7.7 |   7.7 |   5.3 |   0.0 |   4.1 | 10025.8
         Swamp |   6.5 |   6.2 |  52.6 |  50.0 |   5.6 | 20678.8
     Snake Pit |  10.2 |  10.2 |   0.0 |   0.0 |  10.9 | 40369.5
    Slime Pits |   5.6 |   5.6 |   0.0 |   0.0 |   7.8 | 23081.4
  Orcish Mines |   6.9 |   7.0 |   0.0 |   0.0 |   2.1 | 15761.5
   Elven Halls |   7.3 |   7.3 |  15.8 |   0.0 |   9.7 | 47714.7
        Vaults |  17.0 |  17.0 |  21.1 |  50.0 |  21.4 | 63311.8
         Crypt |   8.4 |   8.4 |   5.3 |   0.0 |  11.5 | 56687.0
        Depths |  14.6 |  14.7 |   0.0 |   0.0 |  21.9 | 64785.2
      Ice Cave |   0.5 |   0.5 |   0.0 |   0.0 |   0.3 | 4345.0
               +-------+-------+-------+-------+-------+----------------------
